 Dungeon Sprint DCSS version 0.22-a0-274-gf8199ec (webtiles) character file.

32 Kidiri the Firebug (level 3, 0/31 HPs)
             Began as a Hill Orc Fire Elementalist on Mar 13, 2018.
             Was an Initiate of Vehumet.
             Slain by an air elemental (4 damage)
             ... in the Dungeon (Sprint V: "Ziggurat Sprint").
             The game lasted 00:03:13 (222 turns).

Kidiri the Firebug (Hill Orc Fire Elementalist)      Turns: 222, Time: 00:03:13

Health: 0/31       AC:  2    Str: 10    XL:     3   Next: 25%
Magic:  1/7        EV:  6    Int: 22    God:    Vehumet [......]
Gold:   0          SH: 26    Dex: 17    Spells: 2/8 levels left

rFire    . . .     SeeInvis .   E - +6 shillelagh "Devastator" {shatter}
rCold    . . .     Gourm    .   D - +18 shield of the Gong {rElec rN+ MR+ EV-5}
rNeg     + . .     Faith    .   a - +0 robe
rPois    .         Spirit   .   (no helmet)
rElec    +         Reflect  .   (no cloak)
rCorr    .         Harm     .   (no gloves)
MR       +....     NoTele   +   (no boots)
Stlth    ++........             (no amulet)
HPRegen  0.10/turn              w - +6 ring of intelligence
MPRegen  0.10/turn              u - +6 ring of dexterity

@: flying (expiring), studying Throwing
A: no striking features
a: Renounce Religion


You were in the Dungeon.
You worshipped Vehumet.
Vehumet was noncommittal.
You were not hungry.

You visited 1 branch

Inventory:

Hand Weapons
 E - the +6 shillelagh "Devastator" (weapon) {shatter}
   (You found it in the Dungeon)
Armour
 a - a +0 robe (worn)
 D - the +18 shield of the Gong (worn) {rElec rN+ MR+ EV-5}
   (You found it in the Dungeon)

   It affects your evasion (-5).
   It insulates you from electricity.
   It protects you from negative energy.
   It affects your resistance to hostile enchantments.
 G - +5 fire dragon scales
 H - +5 gold dragon scales
 I - +5 ice dragon scales
Jewellery
 u - a +6 ring of dexterity (right hand)
 v - a +6 ring of dexterity
 w - a +6 ring of intelligence (left hand)
 x - a +6 ring of intelligence
 y - a +6 ring of strength
 z - a +6 ring of strength
Wands
 A - a wand of disintegration (7)
 B - a wand of iceblast (7)
 C - a wand of acid (7)
Scrolls
 i - 4 scrolls of blinking
 o - 4 scrolls of amnesia
 p - 7 scrolls of fog
 q - a scroll of holy word
 r - 5 scrolls of identify
 s - 5 scrolls of remove curse
 t - 2 scrolls of fear
Potions
 b - 2 potions of brilliance
 d - 10 potions of curing
 e - 10 potions of heal wounds
 f - 6 potions of haste
 g - 7 potions of magic
 h - 3 potions of berserk rage
 j - 2 potions of invisibility
 k - 4 potions of resistance
 m - 5 potions of agility
 n - 5 potions of might
Books
 l - a manual of Throwing
Comestibles
 c - 7 rations


   Skills:
 + Level 3.0 Fighting
 + Level 2.7 Maces & Flails
 + Level 2.7 Armour
 + Level 2.7 Dodging
 - Level 1.5 Stealth
 + Level 2.6 Shields
 * Level 3.3 Spellcasting
 + Level 2.7 Conjurations
 + Level 4.4 Fire Magic


You had 2 spell levels left.
You knew the following spells:

 Your Spells              Type           Power        Failure   Level  Hunger
a - Flame Tongue          Conj/Fire      ###..        13%         1    None
b - Throw Flame           Conj/Fire      ###...       21%         2    ##.....
c - Conjure Flame         Conj/Fire      ###.....     36%         3    ###....


Dungeon Overview and Level Annotations

Branches:
Dungeon (1/1)

Altars:
Ashenzari
Cheibriados
Dithmenos
Elyvilon
Fedhas
Gozag
Hepliaklqana
Kikubaaqudgha
Makhleb
Nemelex Xobeh
Okawaru
Qazlal
Ru
Sif Muna
Trog
Uskayaw
Vehumet
Wu Jian
Xom
Yredelemnul
Zin
The Shining One
Beogh
Jiyva
Lugonu

Annotations:
D 1 transporter


Message History

Casting: Flame Tongue (safe; 13% risk of failure)
Confirm with . or Enter, or press ? or * to list all spells.
Aiming: Conjure Flame (slightly dangerous; 36% risk of failure)
Press: ? - help, Dir - move target cursor The fire ignites!
A vortex of raging winds appears around the air elemental! x2
Casting: Conjure Flame (slightly dangerous; 36% risk of failure)
Confirm with . or Enter, or press ? or * to list all spells.
Aiming: Conjure Flame (slightly dangerous; 36% risk of failure)
Press: ? - help, Dir - move target cursor The fire ignites!
The vortex of raging winds lifts you up.
You fly up into the air.
The air elemental hits you!
The insubstantial wisp is engulfed in blazing flames.
The insubstantial wisp blinks!
Unknown command.
You barely miss the air elemental.
You are engulfed in raging winds.
* * * LOW HITPOINT WARNING * * *
x2 The air elemental hits you.
You die...

▓▓▓▓▓▓▓▓▓▓▓▓▓
▓.8§8§▓.8©8.▓
▓.§§§§▓.....▓
▓.§§§§▓.[...▓
▓§§§§§▓.....▓
▓§§§§§▓.....▓
▓§§§EE▓..©..▓
▓§v§§@▓▓▓▓▓▓▓
▓▓▓▓▓▓▓


You could see 2 air elementals and an insubstantial wisp.

Vanquished Creatures
  2 mummies (D)
2 creatures vanquished.

Notes
Turn   | Place    | Note
-------+----------+-------------------------------------------
     0 | D        | Found the +6 Majin-Bo {vamp, Archmagi MP+6 Int+6}
     0 | D        | Found the +7 great mace "Firestarter" {inner flame, rF++}
     0 | D        | Kidiri the Hill Orc Fire Elementalist began the quest for the Orb.
     0 | D        | Reached XP level 1. HP: 14/14 MP: 3/3
     0 | D        | Found a deep blue altar of Sif Muna.
     0 | D        | Found a sacrificial altar of Ru.
     0 | D        | Found a bloodstained altar of Trog.
     0 | D        | Found a stormy altar of Qazlal.
     0 | D        | Found an iron altar of Okawaru.
     0 | D        | Found a sparkling altar of Nemelex Xobeh.
     0 | D        | Found a blossoming altar of Fedhas.
     2 | D        | Found a transporter.
     2 | D        | Found an ancient bone altar of Kikubaaqudgha.
     2 | D        | Found a viscous altar of Jiyva.
     2 | D        | Found a corrupted altar of Lugonu.
     2 | D        | Found a hazy altar of Hepliaklqana.
     2 | D        | Found a burning altar of Makhleb.
     2 | D        | Found an opulent altar of Gozag.
    19 | D        | Found the +9 heavy crossbow "Sniper" {velocity, Acc+∞ SInv}
    19 | D        | Found the +10 dark maul {crush}
    19 | D        | Found the +15 Maxwell's patent armour {-Cast -Tele rElec MR+ rCorr}
    19 | D        | Found the +18 shield of the Gong {rElec rN+ MR+ EV-5}
    19 | D        | Found the cursed +14 obsidian axe {chop, +Fly SInv *Curse}
    20 | D        | Found the +6 shillelagh "Devastator" {shatter}
    20 | D        | Found the +11 plutonium sword {*Contam Stlth-}
    20 | D        | Found the +8 lance "Wyrmbane" {slay drac, rPois rF+ rC+ AC+3}
    20 | D        | Found the +9 sword of Zonguldrok {reap}
    20 | D        | Found the cursed +13 scythe of Curses {drain, *Curse}
    20 | D        | Found the +0 sword of Power
    20 | D        | Found the +14 mace of Variability {chaos}
    20 | D        | Found the +7 Singing Sword
    20 | D        | Found the +7 longbow "Piercer" {penet, EV-2}
    98 | D        | Became a worshipper of Vehumet
   101 | D        | Reached skill level 4 in Fire Magic
   101 | D        | Reached XP level 2. HP: 25/25 MP: 4/6
   105 | D        | Learned a level 2 spell: Throw Flame
   138 | D        | Entered arena 2.
   138 | D        | Found a transporter.
   147 | D        | Reached XP level 3. HP: 31/31 MP: 0/7
   218 | D        | Learned a level 3 spell: Conjure Flame
   218 | D        | Entered arena 3.
   218 | D        | Noticed an air elemental
   218 | D        | Noticed an air elemental
   218 | D        | Noticed an insubstantial wisp
   218 | D        | Found a transporter.
   222 | D        | Slain by an air elemental

Vault maps used:
D:        sprint_v

Skill      XL: |  1  2 |
---------------+-------+-----
Fighting       | 2 3 |  3.0
Maces & Flails | 2 |  2.7
Armour         | 2 |  2.7
Dodging        | 2 |  2.7
Shields        | 2 |  2.6
Spellcasting   | 3 |  3.3
Conjurations   | 2 |  2.7
Fire Magic     | 4 |  4.4
Stealth        | |  1.5

Action                   || total
-------------------------++-------
Melee: Shillelagh        ||     4
 Cast: Flame Tongue      ||     5
       Conjure Flame     ||     2
  Use: Potion            ||     1
Block: Shield            ||     3

Table legend:
 A = Spawn XP
 B = Non-spawn XP
 C = Spawn XP percentage of total XP
 D = Spawn monster count
 E = Non-spawn monster count
 F = Spawn count percentage of total count
 G = Total turns spent on level
                    A         B        C        D         E        F      G
               +---------+---------+-------+---------+---------+-------+---------
         Total |       0 |      36 |   0.0 |       0 |       2 |   0.0 |   222
               +---------+---------+-------+---------+---------+-------+---------
             D |       0 |      36 |   0.0 |       0 |       2 |   0.0 |   222
               +---------+---------+-------+---------+---------+-------+---------
